 Dungeon Crawl Stone Soup version 0.30-a0-937-ga0a21ad780 (webtiles) character file.

Game seed: 169287705808878618

40 bmack86 the Shield-Bearer (level 3, -8/33 HPs)
             Began as a Minotaur Fighter on Mar 24, 2023.
             Mangled by Sigmund
             ... wielding a +0 scythe
              (9 damage)
             ... on level 2 of the Dungeon.
             The game lasted 00:02:40 (1085 turns).

bmack86 the Shield-Bearer (Minotaur Fighter)        Turns: 1085, Time: 00:02:40

Health: -8/33      AC:  8    Str: 28    XL:     3   Next: 30%
Magic:  2/2        EV: 14    Int:  5    God:
Gold:   90         SH:  4    Dex:  9    Spells: 2/2 levels left

rFire   . . .      SeeInvis .    a - +0 war axe
rCold   . . .      Faith    .    c - +0 buckler
rNeg    . . .      Spirit   .    b - +0 scale mail
rPois   .          Reflect  .    (helmet restricted)
rElec   .          Rampage  .    (no cloak)
rCorr   .                        (no gloves)
Will    .....                    k - +0 pair of boots Stlth
                                 n - amulet of the acrobat
HPRegen 0.25/turn                g - +5 ring of evasion
MPRegen 0.08/turn                r - +6 ring of strength

@: no status effects
A: horns 2, retaliatory headbutt
a: no special abilities


You were on level 2 of the Dungeon.
You visited 1 branch of the dungeon, and saw 2 of its levels.

You collected 90 gold pieces.

Inventory:

Hand Weapons
 a - a +0 war axe (weapon)
Missiles
 q - 4 poisoned darts
 s - 6 boomerangs (quivered)
Armour
 b - a +0 scale mail (worn)
 c - a +0 buckler (worn)
 k - a +0 pair of boots (worn)
Jewellery
 g - a +5 ring of evasion (left hand)
 n - an amulet of the acrobat (around neck)
 p - a ring of wizardry
 r - a +6 ring of strength (right hand)
Scrolls
 e - a scroll of blinking {unknown}
 f - 2 scrolls of teleportation {unknown}
 h - a scroll of acquirement {unknown}
 i - 3 scrolls of fog {unknown}
 j - 2 scrolls of identify {unknown}
 o - a scroll of poison {unknown}
Potions
 d - a potion of might
 l - 2 potions of heal wounds {unknown}
 m - a potion of lignification {unknown}


   Skills:
 + Level 4.0 Fighting
 * Level 3.4 Axes
 + Level 0.3 Throwing
 + Level 4.0 Armour
 + Level 4.0 Shields


You had 2 spell levels left.
You didn't know any spells.
Your spell library contained the following spells:

 Spells                   Type           Power      Damage    Failure   Level
 Sting                    Tmut/Pois      0%         1d3       83%         1
 Poisonous Vapours        Pois/Air       0%         N/A       92%         2
 Olgreb's Toxic Radiance  Pois           0%         N/A       100%        4


Dungeon Overview and Level Annotations

Branches:
Dungeon (2/15)

Altars:

Annotations:
D:2 Robin, Sigmund


Innate Abilities, Weirdness & Mutations

You have a pair of horns on your head.
You reflexively headbutt those who attack you in melee.


Message History

You hit the goblin.
You kill the goblin!
You slash the goblin!
You kill the goblin!
Something hits you! The goblin barely misses you. You furiously retaliate!
You headbutt the goblin!
You kill the goblin!
Something closely misses you.
There is an open door here.
The hobgoblin attacks as you move away! The hobgoblin barely misses you.
Robin roars a battlecry!
The goblins go into a battle-frenzy!
You hit the goblin.
You kill the goblin!
Robin says, "My goblins will feast on your bones."
The hobgoblin hits you.
You slash the hobgoblin!
You kill the hobgoblin!
A magic dart appears from out of thin air!
The magic dart hits you.
You barely miss the goblin. Your headbutt misses the goblin.
Something hits you but does no damage. The goblin completely misses you. x2
You closely miss the goblin. Something hits you.
The goblin hits you but does no damage.
You barely miss the goblin. Something hits you but does no damage.
The goblin hits you with a +0 club.
You barely miss the goblin. The goblin hits you but does no damage.
Something hits you.
* * * LOW HITPOINT WARNING * * *
The goblin barely misses you.
You barely miss the goblin. Your headbutt misses the goblin.
Something hits you.
* * * LOW HITPOINT WARNING * * *
The goblin hits you with a +0 club.
* * * LOW HITPOINT WARNING * * *
You closely miss the goblin. The goblin misses you. You furiously retaliate!
You headbutt the goblin!
You kill the goblin!
Something hits you!
You die...

....##
.........## ....#
..........# ....#
..........# ...##
..........# ...##
..........###..
....#
#.g)gg......
....#
#...g{......
....#
####g#......
###.######.# ##@#
.....
###.......(# #..#
.... ......#####
##.## ...
#####...######..#
.. ###..##.....#
# ##..#.....#
##.#.....#
#.#.....#
#..##+###


You could see Robin, a hobgoblin (strong) and 3 goblins.

Vanquished Creatures
  An adder (D:2)
  An endoplasm (D:2)
  12 goblins
  2 hobgoblins
  3 jackals (D:2)
  2 ball pythons
  2 frilled lizards (D:1)
  2 kobolds
  4 rats (D:1)
29 creatures vanquished.

Notes
Turn   | Place    | Note
-------+----------+-------------------------------------------
     0 | D:1      | bmack86 the Minotaur Fighter began the quest for the Orb.
     0 | D:1      | Reached XP level 1. HP: 19/19 MP: 0/0
     6 | D:1      | Noticed a scorpion
     6 | D:1      | Noticed a snapping turtle
     6 | D:1      | Noticed a polar bear
     7 | D:1      | Noticed a wyvern
     7 | D:1      | Noticed a salamander
   393 | D:1      | Reached XP level 2. HP: 27/27 MP: 1/1
  1003 | D:2      | Reached XP level 3. HP: 33/33 MP: 2/2
  1073 | D:2      | Noticed Robin
  1073 | D:2      | Noticed Sigmund
  1084 | D:2      | HP: 1/33 [goblin/+0 club[Robin] (3)]
  1085 | D:2      | Mangled by Sigmund

Illustrated notes

Levels and vault maps discovered:
D:1:      onia_arrival_zoo_common, layout_basic, minmay_fountain_box,
          nrook_mini_vaults, hangedman_decor_peaks_small
D:2:      layout_basic, hangedman_abyss_or_decor_stabs, uniq_jessica,
          uniq_sigmund, uniq_robin

Skill      XL: |  1  2 |
---------------+-------+-----
Axes           | 3 |  3.4
Fighting       | 4 |  4.0
Armour         | 4 |  4.0
Shields        | 4 |  4.0
Throwing       | |  0.3

Action                     || total
---------------------------++-------
  Melee: War axe           ||    51
         Headbutt          ||     3
 Armour: Scale mail        ||    25
  Dodge: Dodged            ||    40
  Block: Buckler           ||     9

Table legend: (Time is in decaauts)
 A = Elapsed time spent in this place.
 B = Non-inter-level travel time spent in this place.
 C = Inter-level travel time spent in this place.
 D = Time resting spent in this place.
 E = Time spent auto-exploring this place.
 F = Levels seen in this place.
 G = Mean time per level.
                   A        B        C        D        E       F      G
               +--------+--------+--------+--------+--------+-----+--------+
         Total |   1103 |   1034 |     69 |      0 |    736 |   2 |  551.5 |
       Dungeon |   1103 |   1034 |     69 |      0 |    736 |   2 |  551.5 |
               +--------+--------+--------+--------+--------+-----+--------+

Top non-repeatable levels by time:
     D:1: 938 daAuts
     D:2: 165 daAuts
